 Dungeon Crawl Stone Soup version 0.21.1-1-g345015f (webtiles) character file.

68 gerrrit the Conjurer (level 4, -9/33 HPs)
             Began as a Draconian Conjurer on Apr 3, 2018.
             Mangled by Robin
             ... wielding a +0 trident
              (10 damage)
             ... on level 2 of the Dungeon.
             The game lasted 00:11:27 (2009 turns).

gerrrit the Conjurer (Draconian Conjurer)           Turns: 2009, Time: 00:11:27

Health: -9/33      AC:  6    Str: 11    XL:     4   Next: 1%
Magic:  0/7        EV: 12    Int: 16    God:
Gold:   43         SH:  0    Dex: 11    Spells: 4/7 levels left

rFire    . . .     SeeInvis .   h - +0 short sword (freeze)
rCold    . . .     Gourm    .   (no shield)
rNeg     . . .     Faith    .   (armour unavailable)
rPois    .         Spirit   .   (helmet restricted)
rElec    .         Reflect  .   (no cloak)
rCorr    .         Harm     .   j - +0 pair of gloves
MR       .....                  (no boots)
Stlth    ++........             (no amulet)
HPRegen  0.11/turn              (no ring)
MPRegen  0.10/turn              (no ring)

@: no status effects
A: unfitting armour, cold-blooded, AC +5
a: no special abilities


You were on level 2 of the Dungeon.
You were not hungry.

You visited 1 branch of the dungeon, and saw 2 of its levels.

You collected 43 gold pieces.

Inventory:

Hand Weapons
 d - a +0 dagger
 h - a +0 short sword of freezing (weapon)
Armour
 j - a +0 pair of gloves (worn)
 n - a +0 pair of boots
Scrolls
 i - 2 scrolls of fog
 m - a scroll of identify
 o - a scroll of teleportation {unknown}
Potions
 c - a potion of curing
 e - a potion of agility {unknown}
 f - a potion of might {unknown}
 g - a potion of flight {unknown}
 k - a potion of cancellation {unknown}
 l - a potion of lignification {unknown}
Books
 a - a book of Conjurations

   Spells                             Type                      Level
   a - Magic Dart                     Conjuration                  1
   b - Searing Ray                    Conjuration                  2
   c - Dazzling Spray                 Conjuration/Hexes            3
   d - Fulminant Prism                Conjuration/Hexes            4
   e - Force Lance                    Conjuration/Translocation    4
   f - Iskenderun's Mystic Blast      Conjuration                  4
Comestibles
 b - 3 chunks of flesh


   Skills:
 + Level 0.7 Short Blades
 + Level 2.0 Dodging
 + Level 1.9 Stealth
 + Level 2.3 Spellcasting
 + Level 5.1 Conjurations


You had 4 spell levels left.
You knew the following spells:

 Your Spells              Type           Power        Failure   Level  Hunger
a - Magic Dart            Conj           ###.         2%          1    #......
b - Searing Ray           Conj           ###...       3%          2    ###....


Dungeon Overview and Level Annotations

Branches:
Dungeon (2/15)

Altars:

Annotations:
D:2 Robin


Innate Abilities, Weirdness & Mutations

Your plain brown scales are hard. (AC +5)
You cannot fit into any form of body armour.
You are cold-blooded and may be slowed by cold attacks.


Message History

Confirm with . or Enter, or press ? or * to list all spells.
Aiming: Magic Dart
Press: ? - help, Shift-Dir - straight line, f - Robin
Aim: Robin, wielding a trident, wearing an animal skin and wearing a helmet (unusually resistant)
The magic dart hits Robin.
Robin is lightly wounded.
Robin hits you but does no damage. Robin hits you with a trident.
* * * LOW HITPOINT WARNING * * *
You hit Robin.
Robin is moderately wounded.
Robin hits you with a trident.
* * * LOW HITPOINT WARNING * * *
You barely miss Robin.
Robin is moderately wounded.
Robin barely misses you.
You hit Robin but do no damage.
Robin is moderately wounded.
Robin hits you with a trident!
You die...

######## #.## ####
.......# ... ...
.......+ ....>. .......#
..#.. ......## ###.#.#
......# #.....#
......#######.#..)#
.........##.#.###.#
......##...#..#(@)####
.........#..§#.g#...!..#
.......#...#...#....##.#
.....#...#...#.§.#..#
...#...#...#..§#..!#...
.#...#...#...#...#...#.
.. #...#...#...#...#?. .
..#...#...#..)#...#.
..#...#...#...#


You could see Robin.

Vanquished Creatures
  An adder (D:2)
  An ooze (D:1)
  A worm (D:2)
  A dart slug (D:1)
  A ball python (D:2)
  7 bats (D:2)
  10 goblins
  6 hobgoblins
  4 jackals (D:1)
  A frilled lizard (D:1)
  8 kobolds (D:1)
  4 rats
45 creatures vanquished.

Notes
Turn   | Place    | Note
-------+----------+-------------------------------------------
     0 | D:1      | gerrrit the Draconian Conjurer began the quest for the Orb.
     0 | D:1      | Reached XP level 1. HP: 14/14 MP: 3/3
   213 | D:1      | Reached XP level 2. HP: 20/20 MP: 0/5
   923 | D:1      | Reached XP level 3. HP: 26/26 MP: 2/6
   974 | D:1      | Learned a level 2 spell: Searing Ray
  1819 | D:2      | Reached skill level 5 in Conjurations
  1976 | D:2      | Noticed Robin
  2004 | D:2      | Reached XP level 4. HP: 7/33 MP: 1/7
  2007 | D:2      | HP: 1/33 [Robin/trident (3)]
  2009 | D:2      | Mangled by Robin

Skill      XL: |  1  2  3 |
---------------+----------+-----
Conjurations   | 5 |  5.1
Dodging        | 2 |  2.0
Short Blades   | |  0.7
Stealth        | |  1.9
Spellcasting   | |  2.3

Action                   |  1- 3 |  4- 6 || total
-------------------------+-------+-------++-------
Melee: Dagger            |     3 |       ||     3
       Short sword       |    58 |     3 ||    61
       Tailslap          |     2 |       ||     2
 Cast: Magic Dart        |    51 |     1 ||    52
       Searing Ray       |     4 |       ||     4
  Use: Scroll            |     5 |       ||     5
       Potion            |     1 |       ||     1
 Stab: Sleeping          |     1 |       ||     1
  Eat: Ration            |     1 |       ||     1
       Chunk             |     1 |       ||     1
Armor: Skin              |    31 |     1 ||    32
Dodge: Dodged            |    55 |     1 ||    56
